 Dungeon Crawl Stone Soup version 0.29.1-2-gbd0b4ee654 (console) character file.

Game seed: 15693805049651172016

125 om the Chopper (level 4, -1/37 HPs)
             Began as a Palentonga Fighter on Oct 25, 2022.
             Killed from afar by an orc wizard (5 damage)
             ... with a magic dart
             ... on level 3 of the Dungeon.
             The game lasted 00:03:22 (1573 turns).

om the Chopper (Palentonga Fighter)                 Turns: 1573, Time: 00:03:23

Health: -1/37      AC:  6    Str: 24    XL:     4   Next: 82%
Magic:  4/4        EV: 11    Int:  8    God:
Gold:   74         SH:  4    Dex:  9    Spells: 3/3 levels left

rFire   . . .      SeeInvis +   a - +1 war axe
rCold   . . .      Faith    .   c - +0 buckler
rNeg    . . .      Spirit   .   b - +0 scale mail
rPois   .          Reflect  .   (no helmet)
rElec   .          Harm     .   (no cloak)
rCorr   .          Rampage  .   (no gloves)
Will    +....                   (no barding)
Stlth   ..........              (no amulet)
HPRegen 0.12/turn               e - +4 ring of evasion
MPRegen 0.09/turn               o - ring of willpower

@: mighty
A: large, rugged brown scales 3, see invisible, deformed body, roll 1, armoured
tail
a: Rolling Charge


You were on level 3 of the Dungeon.
You visited 1 branch of the dungeon, and saw 3 of its levels.

You collected 74 gold pieces.

Inventory:

Hand Weapons
 a - a +1 war axe (weapon)
Missiles
 g - a throwing net
Armour
 b - a +0 scale mail (worn)
 c - a +0 buckler (worn)
Jewellery
 e - a +4 ring of evasion (left hand)
 k - an amulet of faith
 m - a ring of protection from fire
 o - a ring of willpower (right hand)
Scrolls
 h - a scroll of amnesia
 p - a scroll of butterflies {unknown}
Potions
 f - 2 potions of flight
 i - 4 potions of heal wounds {unknown}
 j - 3 potions of degeneration {unknown}
 l - 3 potions of attraction {unknown}
 n - a potion of curing {unknown}
 q - a potion of mutation {unknown}


   Skills:
 - Level 3.0 Fighting
 + Level 5.1 Axes
 - Level 2.4 Armour
 - Level 2.6 Shields


You had 3 spell levels left.
You didn't know any spells.
Your spell library was empty.

Dungeon Overview and Level Annotations

Branches:
Dungeon (3/15)

Altars:
Ashenzari
Qazlal

Shops:
D:2 (


Innate Abilities, Weirdness & Mutations

You are completely covered in rugged brown scales. (AC +3, +7% HP)
You have supernaturally acute eyesight. (SInv)
Armour fits poorly on your strangely shaped body.
You can roll at nearby foes to attack.
You have a long armoured tail.


Message History

An orc wizard comes into view. It is wielding a +4 dagger.
The orc wizard shouts!
Items here: ))) [ ††.
Roll where?
Press: ? - help, Q - select action, (/) - cycle Dir - move target, f - orc wizard
Aim: an orc wizard, wielding a +4 dagger and wearing a +0 robe You roll forward with a clatter of scales!
You barely miss the orc wizard.
The orc wizard hits you with a +4 dagger.
You closely miss the orc wizard. The orc wizard closely misses you.
You closely miss the orc wizard.
The orc wizard hits you with a +4 dagger.
You closely miss the orc wizard. You block the orc wizard's attack.
The orc wizard hits you but does no damage.
You hit the orc wizard.
Your tail-slap misses the orc wizard.
The orc wizard is moderately wounded.
The orc wizard points at you and mumbles some strange words.
The magic dart hits you!
You hit the orc wizard.
The orc wizard is moderately wounded.
The orc wizard closely misses you.
You hit the orc wizard.
The orc wizard is severely wounded.
You block the orc wizard's attack. The orc wizard casts a spell at you.
The magic dart hits you!
* * * LOW HITPOINT WARNING * * *
You closely miss the orc wizard.
The orc wizard is severely wounded.
The orc wizard gestures at you while chanting.
The puff of flame hits you.
* * * LOW HITPOINT WARNING * * *
You completely miss the orc wizard.
The orc wizard is severely wounded.
The orc wizard hits you with a +4 dagger.
* * * LOW HITPOINT WARNING * * *
You feel very mighty all of a sudden. The orc wizard casts a spell at you.
The magic dart hits you.
You die...

##.#E#...#E###.#####
###...###(.......
#......#..#######
#.#..##..#
.........#
.#####...#...
#.))......#
#.###.###.# #@# #.#
.# #o# ..# # #.#####
#.. ###


You could see an orc wizard.

Vanquished Creatures
  A jelly (D:3)
  An orc wizard (D:3)
  An adder (D:2)
  A worm (D:2)
  3 orcs (D:3)
  3 endoplasms
  4 giant cockroaches
  2 goblins (D:1)
  3 hobgoblins
  6 jackals (D:1)
  A kobold (D:1)
  4 quokkas
  3 ball pythons
  7 bats
  4 frilled lizards (D:1)
  8 rats
52 creatures vanquished.

Notes
Turn   | Place    | Note
-------+----------+-------------------------------------------
     0 | D:1      | om the Palentonga Fighter began the quest for the Orb.
     0 | D:1      | Reached XP level 1. HP: 19/19 MP: 1/1
   139 | D:1      | Reached XP level 2. HP: 23/25 MP: 2/2
   279 | D:1      | Reached skill level 3 in Axes
   418 | D:1      | Reached XP level 3. HP: 31/31 MP: 3/3
   784 | D:2      | Reached skill level 4 in Axes
   784 | D:2      | Found a broken altar of Ashenzari.
   971 | D:2      | Found a faded altar of an unknown god.
  1310 | D:2      | Found Utom's Weapon Shop.
  1521 | D:3      | Found a stormy altar of Qazlal.
  1521 | D:3      | Noticed a water elemental
  1522 | D:3      | Reached XP level 4. HP: 37/37 MP: 4/4
  1522 | D:3      | Noticed an air elemental
  1522 | D:3      | Noticed a fire elemental
  1522 | D:3      | Noticed an earth elemental
  1554 | D:3      | Reached skill level 5 in Axes
  1573 | D:3      | Killed from afar by an orc wizard

Illustrated notes

Levels and vault maps discovered:
D:1:      minmay_arrival_three_doors, layout_rooms
D:2:      layout_basic, chequers_ecumenical_altar_grove, basic_altar,
          serial_shops, shop
D:3:      layout_basic, kiku_gazebo_pond_becter,
          mainiacjoe_overflow_concentric_impassable,
          nicolae_qazlal_style_of_elements, general_overflow_altar,
          nrook_mini_backslash

Skill      XL: |  1  2  3  4 |
---------------+-------------+-----
Axes           | 3 4 5 |  5.1
Fighting       | |  3.0
Armour         | |  2.4
Shields        | |  2.6

Action                   |  1- 3 |  4- 6 || total
-------------------------+-------+-------++-------
Melee: War axe           |    85 |    23 ||   108
       Tailslap          |     7 |     1 ||     8
 Abil: Rolling Charge    |    31 |     2 ||    33
  Use: Scroll            |     6 |       ||     6
       Potion            |       |     1 ||     1
Armor: Scale mail        |    36 |     6 ||    42
Dodge: Dodged            |    44 |     5 ||    49
Block: Buckler           |    13 |     4 ||    17
